 Dungeon Crawl Stone Soup version 0.13.1-27-ga479965 (webtiles) character file.

8022 Chiseanne the Quickloader (level 11, -1/84 (85) HPs)
             Began as a Centaur Hunter on Jan 28, 2014.
             Was an Elder of Okawaru.
             Slain by an unseen horror (10 damage)
             ... on Level 10 of the Dungeon.
             The game lasted 01:10:24 (14359 turns).

Chiseanne the Quickloader (Centaur Hunter)         Turns: 14359, Time: 01:10:24

HP  -1/84 (85)   AC 12     Str 19      XL: 11   Next:  4%
MP   8/10        EV 25     Int 10      God: Okawaru [****..]
Gold 15          SH  0     Dex 18      Spells:  0 memorised, 10 levels left

Res.Fire  : . . .   See Invis. : .   a - +4,+2 quarterstaff (chaos)
Res.Cold  : . . .   Warding    : .   o - +2 orc robe {MR+}
Life Prot.: . . .   Conserve   : +   (no shield)
Res.Poison: .       Res.Corr.  : +   F - +0 helmet
Res.Elec. : .       Clarity    : .   v - +1 cloak {rCorr, Cons}
Sust.Abil.: . .     Spirit.Shd : .   i - +0 pair of gauntlets
Res.Mut.  : .       Stasis     : .   (no barding)
Res.Rott. : .       Flight     : .   (no amulet)
Saprovore : . . .                    x - +4 ring of strength
                                     (no ring)

@: agile, very slightly contaminated, hasted, heroism, very quick, quite
resistant to hostile enchantments, quite stealthy
A: hooves 3, deformed body, herbivore 1, speed 2, fast metabolism 1, tough skin
3
a: Heroism, Renounce Religion


You were on level 10 of the Dungeon.
You worshipped Okawaru.
Okawaru was greatly pleased with you.
You were not hungry.

You visited 3 branches of the dungeon, and saw 12 of its levels.

You collected 286 gold pieces.
You spent 291 gold pieces at shops.

Inventory:

Hand weapons
 a - a +4,+2 quarterstaff of chaos (weapon)
 e - a +0,+4 bow of frost
 w - a +1,+1 crossbow
Missiles
 b - 92 arrows
 c - 5 bolts
 g - 13 poisoned bolts
 j - 17 arrows of frost
 r - 3 curare-tipped needles
Armour
 i - a +0 pair of gauntlets (worn)
 l - a +2 elven robe of cold resistance
 o - a +2 orcish robe of magic resistance (worn)
 v - a +1 cloak of preservation (worn)
 F - a +0 helmet (worn)
Comestibles
 f - 6 bread rations
Scrolls
 d - a scroll of remove curse
 n - 2 scrolls of magic mapping
 q - 5 scrolls of teleportation
 y - 2 scrolls of fear
Jewellery
 x - a +4 ring of strength (right hand)
Potions
 h - a potion of restore abilities
Magical staves
 k - an uncursed staff of cold


   Skills:
 * Level 5.6(10.6) Fighting
 * Level 6.3(11.3) Bows
 * Level 10.2(15.2) Crossbows
 * Level 4.8(9.8) Armour
 * Level 8.5(13.5) Dodging
 - Level 0.5(5.5) Stealth
 - Level 2.0 Invocations


You had 10 spell levels left.
You didn't know any spells.

Dungeon Overview and Level Annotations

Branches:
Dungeon (10/27)            Temple (1/1) D:5             Orc (0/4) D:7
   Lair (1/8) D:8

Altars:
Ashenzari
Cheibriados
Elyvilon
Fedhas
Kikubaaqudgha
Makhleb
Nemelex Xobeh
Okawaru
Sif Muna
Trog
Vehumet
Xom
Yredelemnul
Zin
Beogh

Shops:
D:6 [   D:8 ?

Annotations:
D:3 Zapata's ghost, average KoBe


Innate Abilities, Weirdness & Mutations

You have hooves in place of feet.
Armour fits poorly on your strangely shaped body.
You digest meat inefficiently.
You cover ground very quickly.
You have a fast metabolism.
You have extremely tough skin (AC +3).


Message History

Drink which item? (? for menu, Esc to quit)
You feel agile all of a sudden. It misses you.
Drink which item? (? for menu, Esc to quit)
You feel yourself speed up. It closely misses you.
The crimson imp closely misses you.
You are very lightly contaminated with residual magic.
Use which ability? (? or * to list)
You gain the combat prowess of a mighty hero.
You feel slightly more hungry. It hits you.
* * * LOW HITPOINT WARNING * * *
The crimson imp blinks!
You closely miss it. Your kick misses it. It hits you!
* * * LOW HITPOINT WARNING * * *
It closely misses you.
You miss it. Your kick misses it. It barely misses you.
You barely miss it. Your kick misses it. It barely misses you.
It barely misses you.
You barely miss it. You kick it. It hits you!
You die...

.####### .....^.#
.......# .......#
### ##
.......#####........
.......#.^...# ###.
.........##### #..
.......### #ยง#
#.###### #@# #.# #.#
#.. ####5####
#.......# #.......#
###.......###
.#.........#
.........#....'..
##.......######.


You could see a crimson imp.

Vanquished Creatures
  Fannar (D:10)
  The ghost of Chiseanne the Ducker, an experienced MfWn of Okawaru (D:6)
  A queen ant (D:8)
  2 yaks (Lair:1)
  A hippogriff (D:7)
  A hill giant skeleton (D:8)
  8 soldier ants
  3 necrophages
  4 orc warriors
  2 ice beasts
  4 sky beasts
  4 ogres
  2 phantoms
  6 centaurs
  3 gnoll sergeants (D:5)
  2 water moccasins
  Blork the orc (D:4)
  3 giant frogs
  4 wights (D:7)
  A fire bat (D:7)
  6 crimson imps
  A goliath beetle (D:6)
  A jelly (D:7)
  10 orc priests
  3 gnoll shamans (D:5)
  Crazy Yiuf (D:2)
  2 giant frog skeletons
  4 hounds
  6 orc wizards
  22 worker ants
  3 iguanas
  An ogre zombie (D:5)
  Ijyb (D:2)
  A big kobold skeleton (D:7)
  A worker ant zombie (D:5)
  25 gnolls
  5 adders
  2 giant mites
  An adder zombie (D:8)
  An adder skeleton (D:5)
  3 giant eyeballs
  11 giant geckos
  An ooze (D:4)
  37 orcs
  A ball python (D:7)
  2 bat skeletons
  11 hobgoblins
  10 kobolds
  2 quokkas
  12 bats
  7 giant cockroaches
  2 giant newts (D:2)
  13 goblins
  5 jackals
  12 rats
  A rat skeleton (D:5)
  A rat zombie (D:5)
  A fungus (Lair:1)
283 creatures vanquished.

Vanquished Creatures (collateral kills)
  A worker ant (D:8)
1 creature vanquished.

Vanquished Creatures (others)
  A worker ant zombie (D:8)
  An orc zombie (D:7)
2 creatures vanquished.

Grand Total: 286 creatures vanquished

Notes
Turn   | Place    | Note
--------------------------------------------------------------
     0 | D:1      | Chiseanne, the Centaur Hunter, began the quest for the Orb.
     0 | D:1      | Reached XP level 1. HP: 17/17 MP: 0/0
   416 | D:1      | Reached XP level 2. HP: 22/24 MP: 1/1
   675 | D:1      | Reached skill level 5 in Crossbows
  1408 | D:2      | Noticed Ijyb
  1456 | D:2      | Killed Ijyb
  1456 | D:2      | Reached XP level 3. HP: 29/29 MP: 2/2
  1596 | D:2      | Noticed Crazy Yiuf
  1619 | D:2      | Killed Crazy Yiuf
  1619 | D:2      | Reached XP level 4. HP: 34/36 MP: 2/2
  1629 | D:2      | Identified a +1 cloak of preservation (You took it off Crazy Yiuf on level 2 of the Dungeon)
  1678 | D:2      | Paralysed by a potion of paralysis for 7 turns
  1826 | D:3      | Noticed Zapata's ghost (average KoBe)
  2197 | D:3      | Reached skill level 1 in Armour
  2877 | D:4      | Noticed a phantom
  2903 | D:4      | Killed a phantom
  2903 | D:4      | Reached skill level 6 in Crossbows
  2903 | D:4      | Reached XP level 5. HP: 28/42 MP: 3/3
  3342 | D:4      | Reached XP level 6. HP: 46/49 MP: 4/4
  3464 | D:4      | Noticed Blork the orc
  3489 | D:4      | Killed Blork the orc
  4258 | D:5      | Entered Level 5 of the Dungeon
  4262 | D:5      | Paralysed by a giant eyeball for 2 turns
  4288 | D:5      | Noticed a necrophage
  4310 | D:5      | Killed a necrophage
  4310 | D:5      | Reached XP level 7. HP: 29/55 MP: 4/4
  4742 | D:5      | Found a staircase to the Ecumenical Temple.
  4746 | Temple   | Entered the Ecumenical Temple
  4830 | Temple   | Became a worshipper of Warmaster Okawaru
  5270 | D:5      | Reached skill level 1 in Bows
  5270 | D:5      | Reached skill level 7 in Crossbows
  6127 | D:5      | Reached XP level 8. HP: 62/62 MP: 5/5
  6576 | D:5      | Acquired Okawaru's first power
  6879 | D:6      | Reached skill level 8 in Crossbows
  7302 | D:6      | Reached skill level 5 in Dodging
  7465 | D:6      | Reached XP level 9. HP: 44/69 MP: 6/6
  7682 | D:6      | Found a basalt altar of Yredelemnul.
  7695 | D:6      | Noticed Chiseanne's ghost (experienced MfWn)
  7701 | D:6      | Found a white marble altar of Elyvilon.
  7750 | D:6      | Killed Chiseanne's ghost
  8405 | D:6      | Found Loilynyb's Antique Armour Shoppe.
  9259 | D:7      | Paralysed by a giant eyeball for 2 turns
  9267 | D:7      | Paralysed by a giant eyeball for 4 turns
  9287 | D:7      | Reached skill level 1 in Invocations
  9471 | D:7      | Reached skill level 9 in Crossbows
  9705 | D:7      | Noticed Sigmund
  9708 | D:7      | Noticed Sigmund
  9708 | D:7      | Sigmund changed into Sigmund the fire bat
  9714 | D:7      | Killed Sigmund the fire bat
  9716 | D:7      | Found a staircase to the Orcish Mines.
  9732 | D:7      | Reached XP level 10. HP: 61/78 MP: 8/8
 10464 | D:7      | Found a roughly hewn altar of Beogh.
 10569 | D:8      | Reached skill level 5 in Fighting
 10681 | D:8      | Found Backej's Magic Scroll Boutique.
 10737 | D:8      | Reached skill level 5 in Bows
 10958 | D:8      | HP: 2/78 [orc warrior/orcish battleaxe (28)]
 11278 | D:8      | Bought a scroll of enchant weapon II for 71 gold pieces
 11278 | D:8      | Bought a scroll of recharging for 71 gold pieces
 11278 | D:8      | Bought a scroll of holy word for 97 gold pieces
 11278 | D:8      | Bought a scroll of identify for 26 gold pieces
 11278 | D:8      | Bought a scroll of identify for 26 gold pieces
 12730 | D:8      | Paralysed by a giant eyeball for 3 turns
 12736 | D:8      | Found a staircase to the Lair.
 12746 | Lair:1   | Entered Level 1 of the Lair of Beasts
 12787 | Lair:1   | Noticed a black mamba
 13566 | D:8      | Reached skill level 10 in Crossbows
 13622 | D:10     | Entered Level 10 of the Dungeon
 13952 | D:10     | Noticed Fannar
 13970 | D:10     | Killed Fannar
 13970 | D:10     | Reached XP level 11. HP: 13/84 MP: 8/10
 13977 | D:10     | HP: 3/84 [ice beast[Fannar] (10)]
 14359 | D:10     | Slain by an unseen horror

Action                   |  1- 3 |  4- 6 |  7- 9 | 10-12 || total
-------------------------+-------+-------+-------+-------++-------
Melee: Short sword       |    82 |       |     4 |       ||    86
       Quarterstaff      |       |   104 |   317 |   279 ||   700
 Fire: Crossbow          |    23 |    24 |    94 |    42 ||   183
Throw: Dagger            |       |       |       |     1 ||     1
Invok: Heroism           |       |       |     1 |     6 ||     7
Evoke: Wand              |       |       |    11 |     5 ||    16
  Use: Scroll            |       |    15 |     6 |     5 ||    26
       Potion            |       |     5 |     6 |    10 ||    21
 Stab: Paralysed         |       |     2 |     1 |    10 ||    13
       Confused          |       |     1 |     1 |       ||     2
       Petrifying        |       |       |     1 |     1 ||     2
